 Dungeon Crawl Stone Soup version 0.16.2-12-gd0ad4c3 (webtiles) character file.

7957 kroki the Cleaver (level 11, -1/97 HPs)
             Began as a Minotaur Air Elementalist on Mar 2, 2016.
             Was a High Priest of Trog.
             Slain by a hill giant
             ... wielding a +0 giant spiked club
              (27 damage)
             ... on level 10 of the Dungeon.
             The game lasted 00:18:56 (9536 turns).

kroki the Cleaver (Minotaur Air Elementalist)       Turns: 9536, Time: 00:18:56

Health: -1/97      AC: 17    Str: 14      XL:     11   Next: 3%
Magic:  5/5        EV:  5    Int: 16      God:    Trog [*****.]
Gold:   442        SH:  0    Dex: 12 (13) Spells: 0 memorised, 12 levels left

rFire  . . .     SeeInvis .     O - +8 Wrath of Trog {antimagic, *Rage}
rCold  . . .     Rnd*Rage +     N - +0 plate armour
rNeg   . . .     SustAb   .     (no shield)
rPois  +         Gourm    .     (helmet restricted)
rElec  .         Spirit   .     Q - +0 cloak
rCorr  .         Warding  .     (no gloves)
rMut   .         Stasis   .     p - +1 pair of boots
MR     .....                    h - amulet of rage {+Rage, !d}
Stlth  ..........               r - ring of poison resistance {rPois, !d}
                                C - +4 ring of intelligence

@: exhausted, slowed, very slow, not resistant to hostile enchantments,
extremely unstealthy
A: retaliatory headbutt, horns 2
a: Burn Spellbooks, Berserk, Trog's Hand, Brothers in Arms, Renounce Religion,
Evoke Berserk Rage


You were on level 10 of the Dungeon.
You worshipped Trog.
Trog was extremely pleased with you.
You were not hungry.

You visited 1 branch of the dungeon, and saw 10 of its levels.
You also visited: Bailey.

You collected 663 gold pieces.
You spent 221 gold pieces at shops.

Inventory:

Hand weapons
 j - a +0 quarterstaff
   (You found it on level 2 of the Dungeon)
 q - a +1 dagger of venom
   (You took it off an orc on level 3 of the Dungeon)
 B - a +0 trident
   (You found it on level 8 of the Dungeon)
 F - a +0 broad axe
   (You took it off an orc warrior in a bailey)
 O - the +8 Wrath of Trog (weapon) {antimagic, *Rage}
   (You acquired it on level 9 of the Dungeon)

   It disrupts the flow of magical energy around spellcasters and certain
   magical creatures (including the wielder).
   It may make you go berserk in combat.
Missiles
 y - a steel tomahawk (quivered)
 H - a throwing net {=f, !d}
Armour
 p - a +1 pair of boots (worn)
   (You found it on level 2 of the Dungeon)
 z - a +1 ring mail of cold resistance
   (You took it off Duvessa on level 6 of the Dungeon)
 N - a +0 plate armour (worn)
   (You took it off an orc warrior in a bailey)
 Q - a +0 cloak (worn)
   (You found it on level 9 of the Dungeon)
 U - the +1 ring mail "Trusoluph" {rElec rC+ Dex+6 Slay-4}
   (You found it in a bailey)

   It affects your dexterity (+6).
   It affects your accuracy and damage with ranged weapons and melee attacks
   (-4).
   It protects you from cold.
   It insulates you from electricity.
Jewellery
 d - an uncursed ring of protection from cold {rC+, !d}
   (You found it on level 7 of the Dungeon)
 h - an amulet of rage (around neck) {+Rage, !d}
   (You found it on level 1 of the Dungeon)
 o - an uncursed ring of sustain abilities {SustAb}
   (You found it on level 2 of the Dungeon)
 r - a ring of poison resistance (right hand) {rPois, !d}
   (You found it on level 2 of the Dungeon)
 C - a +4 ring of intelligence (left hand)
   (You found it on level 5 of the Dungeon)
Magical devices
 l - a wand of draining (0)
   (You found it on level 4 of the Dungeon)
 m - a wand of random effects (38)
   (You found it on level 7 of the Dungeon)
 t - a wand of confusion (26)
   (You found it on level 3 of the Dungeon)
 u - a wand of frost (16)
   (You took it off Dowan on level 6 of the Dungeon)
 x - a wand of confusion (0)
   (You found it on level 4 of the Dungeon)
 L - a wand of slowing (31)
   (You found it on level 8 of the Dungeon)
Scrolls
 a - 5 scrolls of teleportation
 f - a scroll of remove curse
 k - a scroll of enchant armour
 G - a scroll of blinking {!r}
Potions
 i - a potion of invisibility {unknown}
 s - a potion of magic
 v - 6 potions of might
 w - 6 potions of curing
 A - a potion of restore abilities
 D - 3 potions of heal wounds
 E - a potion of poison
 I - a potion of flight
 J - a potion of resistance
 K - 2 potions of agility
 S - a potion of experience {unknown}
Books
 b - a book of Air
 M - a book of Minor Magic
   (You found it on level 8 of the Dungeon)
Comestibles
 c - 9 bread rations {@e1}
 g - 8 fruits
 n - 9 beef jerkies


   Skills:
 + Level 9.3 Fighting
 * Level 12.9 Axes
 + Level 8.0 Armour
 - Level 2.1 Dodging
 - Level 1.5 Stealth
 - Level 1.3 Spellcasting
   Level 0.6 Conjurations
   Level 2.1 Air Magic
 + Level 7.5 Evocations


You had 12 spell levels left.
You didn't know any spells.

Dungeon Overview and Level Annotations

Branches:
Dungeon (10/15)            Temple (0/1) D:7
   Lair: D:8-11         Orc: D:9-12

Altars:
Fedhas
Nemelex Xobeh
Qazlal
Sif Muna
Trog
Vehumet
Yredelemnul
Zin
The Shining One

Shops:
D:4 !   D:5 *!:


Innate Abilities, Weirdness & Mutations

You reflexively headbutt those who attack you in melee.
You have a pair of horns on your head.


Message History

The centaur zombie hits you but does no damage.
Unknown command.
You slice the wraith!!
You destroy the wraith!
You barely miss the centaur zombie.
The centaur zombie hits you but does no damage.
Calm down first, please.
You open the centaur zombie like a pillowcase!!!
You destroy the centaur zombie!
Your Armour skill increases to level 8!
You have reached level 11!
You regained 9 hp, and now have 141/145 hp.
Calm down first, please.
You hit the ogre. The ogre hits you with a giant club!
You take 13 damage, and have 128/145 hp.
Calm down first, please.
Your plate armour prevents you from hitting the ogre.
You headbutt the ogre!
You kill the ogre!
Trog accepts your kill.
An active ballistomycete comes into view.
Things that are here:
a giant club; an ogre corpse Calm down first, please.
You feel a strong urge to attack something.
Unknown command.
You are no longer berserk.
Trog's vigour flows through your veins.
You are exhausted.
You feel yourself slow down.
You now have 86/97 hp.
A shadow imp comes into view.
The shadow imp shouts!
A shadow imp is nearby!
Aim: a shadow imp You throw a javelin of penetration.
The javelin of penetration closely misses the shadow imp.
The shadow imp laughs crazily.
A hill giant comes into view. It is wielding a giant spiked club.
There are monsters nearby!
Aim: a shadow imp You throw a javelin of penetration.
The hill giant shouts!
The javelin of penetration pierces through the shadow imp!
The javelin of penetration pierces through the active ballistomycete.
The shadow imp gestures at you. Pain shoots through your body!
The shadow imp gestures at you. Pain shoots through your body!
The shadow imp hits you.
The shadow imp hits you but does no damage.
A black bear comes into view.
Unknown command.
You take 18 damage, and have 69/97 hp.
There are monsters nearby!
You are too injured to fight recklessly!
The shadow imp completely misses you. You furiously retaliate!
You headbutt the shadow imp.
You kill the shadow imp!
Trog accepts your kill. The hill giant barely misses you.
You furiously retaliate!
You headbutt the hill giant, but do no damage.
Unknown command.
There are monsters nearby!
You are too injured to fight recklessly!
Unknown command.
Aim: a hill giant, wielding a giant spiked club (chance 44%)
The hill giant resists with some effort.
This wand has 0 charges left.
The hill giant hits you but does no damage.
Unknown command.
You slice the hill giant!!
The hill giant hits you with a giant spiked club.
You take 2 damage, and have 68/97 hp.
You hit the hill giant.
The hill giant hits you with a giant spiked club!!
You take 29 damage, and have 39/97 hp.
MASSIVE DAMAGE!!
You slash the hill giant! You slash the black bear!
The hill giant hits you but does no damage.
The black bear bites you but does no damage.
The black bear barely misses you.
The black bear claws you but does no damage.
The black bear bites you. The black bear barely misses you.
The black bear claws you but does no damage.
You take 2 damage, and have 37/97 hp.
You slice the hill giant!! You hit the black bear.
The hill giant hits you with a giant spiked club!
* * * LOW HITPOINT WARNING * * *
The black bear bites you.
* * * LOW HITPOINT WARNING * * *
The black bear claws you but does no damage.
The black bear claws you.
* * * LOW HITPOINT WARNING * * *
You take 12 damage, and have 25/97 hp.
Unknown command.
You hit the hill giant. You slice the black bear!!
You kill the black bear!
Trog accepts your kill.
The hill giant hits you with a giant spiked club!!
You die...

... .........
......(....
...........
..P(....... ..
##...........
...#..P.P.......
......P.C........
.....($.@.........
.................#
................##
#.....?........##
#.............#
..#....)...../#
#.##..#.......# #
#.<[<#.......
#.#<#.....#..


You could see a hill giant and an active ballistomycete.

Vanquished Creatures
  An orc warlord (Bailey)
  An orc knight (Bailey)
  Pikel (D:5)
  A centaur zombie (D:10)
  A troll (D:8)
  Grinder (D:3)
  Prince Ribbit (D:5)
  A wraith (D:10)
  A hungry ghost (D:9)
  A water moccasin (D:7)
  Edmund (D:4)
  12 orc warriors
  3 black bears
  2 phantoms
  A sky beast (D:8)
  3 ogres
  5 centaurs
  Duvessa (D:6)
  A big kobold (D:7)
  Blork the orc (D:6)
  2 giant frogs
  A scorpion (D:4)
  4 jellies
  3 hounds
  A quasit (D:7)
  2 crimson imps
  A goliath beetle (D:9)
  Dowan (D:6)
  2 giant frog skeletons
  4 orc wizards
  6 worker ants
  A centaur skeleton (D:8)
  5 orc priests
  An iguana (D:8)
  A hound zombie (D:8)
  5 adders
  19 gnolls
  A shadow imp (D:10)
  2 worms
  A giant mite (D:5)
  3 adder skeletons
  An adder zombie (D:7)
  2 giant geckos
  35 orcs
  7 giant cockroaches
  27 hobgoblins
  An ooze (D:1)
  3 quokkas
  3 ball pythons
  10 bats
  A giant gecko skeleton (D:4)
  5 giant newts
  2 giant spores
  28 goblins
  14 jackals
  16 kobolds
  18 rats
  A ballistomycete (D:9)
  A bush (D:8)
281 creatures vanquished.

Vanquished Creatures (collateral kills)
  An orc knight (Bailey)
1 creature vanquished.

Vanquished Creatures (others)
  A slave (D:6)
  A worker ant (D:6)
  2 shadow imps (D:6)
  A hobgoblin (D:6)
  A goblin (D:6)
6 creatures vanquished.

Grand Total: 288 creatures vanquished

Notes
Turn   | Place    | Note
--------------------------------------------------------------
     0 | D:1      | kroki, the Minotaur Air Elementalist, began the quest for the Orb.
     0 | D:1      | Reached XP level 1. HP: 14/14 MP: 2/2
     6 | D:1      | Noticed a water moccasin
     6 | D:1      | Noticed a redback
     6 | D:1      | Noticed a polar bear
     9 | D:1      | Noticed a hound
     9 | D:1      | Noticed a lindwurm
    90 | D:1      | Reached skill level 1 in Axes
   283 | D:1      | Reached XP level 2. HP: 16/22 MP: 2/2
   429 | D:1      | Reached skill level 1 in Fighting
   454 | D:1      | Reached skill level 2 in Axes
   853 | D:2      | Reached XP level 3. HP: 23/28 MP: 3/3
   963 | D:2      | Reached skill level 3 in Axes
   968 | D:2      | Reached skill level 2 in Fighting
   973 | D:2      | Reached XP level 4. HP: 12/37 MP: 4/4
  1755 | D:2      | Found a radiant altar of Vehumet.
  1765 | D:2      | Found a basalt altar of Yredelemnul.
  2016 | D:3      | Reached skill level 4 in Axes
  2016 | D:3      | Reached skill level 1 in Evocations
  2024 | D:3      | Noticed Grinder
  2031 | D:3      | Paralysed by Grinder for 7 turns
  2042 | D:3      | Killed Grinder
  2042 | D:3      | Reached skill level 3 in Fighting
  2042 | D:3      | Reached skill level 5 in Axes
  2042 | D:3      | Reached skill level 2 in Evocations
  2042 | D:3      | Reached XP level 5. HP: 32/46 MP: 4/4
  2042 | D:3      | Reached XP level 6. HP: 36/52 MP: 5/5
  2047 | D:3      | Found a glowing silver altar of Zin.
  2520 | D:3      | Found a deep blue altar of Sif Muna.
  2705 | D:4      | Found Maitad's Distillery.
  2713 | D:4      | Bought a potion of curing for 39 gold pieces
  2713 | D:4      | Bought a potion of curing for 39 gold pieces
  2713 | D:4      | Bought a potion of curing for 39 gold pieces
  2713 | D:4      | Bought a potion of might for 52 gold pieces
  2713 | D:4      | Bought a potion of might for 52 gold pieces
  2794 | D:4      | Found a bloodstained altar of Trog.
  2958 | D:4      | Became a worshipper of Trog the Wrathful
  3109 | D:4      | Reached skill level 4 in Fighting
  3221 | D:4      | Noticed Edmund
  3254 | D:4      | Killed Edmund
  3254 | D:4      | Reached skill level 6 in Axes
  3294 | D:4      | Reached XP level 7. HP: 33/60 MP: 6/6
  3337 | D:4      | Reached skill level 3 in Evocations
  3743 | D:5      | Entered Level 5 of the Dungeon
  3836 | D:5      | Noticed Pikel
  3862 | D:5      | Killed Pikel
  3862 | D:5      | Reached skill level 5 in Fighting
  3862 | D:5      | Reached skill level 7 in Axes
  3862 | D:5      | Reached skill level 2 in Armour
  3862 | D:5      | Reached XP level 8. HP: 46/68 MP: 6/8
  3984 | D:5      | Reached skill level 4 in Evocations
  4035 | D:5      | Found Kluarghe's Distillery.
  4054 | D:5      | HP: 15/68 [orc/whip (5)]
  4454 | D:5      | Found Cliefusa's Book Shoppe.
  4562 | D:5      | Reached skill level 8 in Axes
  4562 | D:5      | Reached skill level 3 in Armour
  4706 | D:5      | Acquired Trog's first power
  4718 | D:5      | Noticed Prince Ribbit
  4734 | D:5      | HP: 11/69 [Prince Ribbit (14)]
  4739 | D:5      | Killed Prince Ribbit
  4826 | D:5      | HP: 14/70 [orc wizard/puff of flame (12)]
  4960 | D:5      | Reached skill level 6 in Fighting
  5011 | D:5      | Found Grotad's General Store.
  5241 | D:6      | Noticed Duvessa
  5241 | D:6      | Noticed Dowan
  5248 | D:6      | Killed Dowan
  5250 | D:6      | Killed Duvessa
  5250 | D:6      | Reached skill level 4 in Armour
  5385 | D:6      | Noticed Blork the orc
  5401 | D:6      | Killed Blork the orc
  5401 | D:6      | Reached skill level 9 in Axes
  5628 | D:6      | Reached skill level 5 in Evocations
  5639 | D:6      | Reached XP level 9. HP: 76/78 MP: 11/11
  5725 | D:6      | Found a glowing golden altar of the Shining One.
  5965 | D:6      | Found a sparkling altar of Nemelex Xobeh.
  6161 | D:7      | Found a staircase to the Ecumenical Temple.
  6180 | D:7      | Found a flagged portal.
  6190 | D:7      | Acquired Trog's second power
  6205 | Bailey   | Entered a bailey
  6475 | Bailey   | Reached skill level 5 in Armour
  6515 | Bailey   | HP: 7/78 [orc warrior/hand axe (15)]
  6517 | Bailey   | HP: 3/78 [hobgoblin/hand axe (6)]
  6534 | Bailey   | Reached skill level 10 in Axes
  6566 | Bailey   | Reached skill level 7 in Fighting
  6568 | Bailey   | Acquired Trog's third power
  6585 | Bailey   | Noticed an orc knight
  6594 | Bailey   | Killed an orc knight
  6692 | Bailey   | Noticed an orc warlord
  6695 | Bailey   | Noticed an orc knight
  6711 | Bailey   | HP: 9/79 [orc warlord/great mace (21)]
  6720 | Bailey   | HP: 2/79 [orc warlord/great mace (18)]
  6741 | Bailey   | Reached skill level 6 in Evocations
  6745 | Bailey   | Reached skill level 6 in Armour
  6804 | Bailey   | Killed an orc warlord
  6804 | Bailey   | Reached skill level 8 in Fighting
  6804 | Bailey   | Reached skill level 11 in Axes
  6804 | Bailey   | Reached XP level 10. HP: 75/88 MP: 15/15
  6833 | Bailey   | Killed an orc knight
  6885 | Bailey   | Got a bloodstained ring mail
  6910 | Bailey   | Identified the +1 ring mail "Trusoluph" {rElec rC+ Dex+6 Slay-4} (You found it in a bailey)
  7046 | D:7      | Reached skill level 7 in Armour
  7318 | D:7      | Reached skill level 12 in Axes
  7318 | D:7      | Reached skill level 7 in Evocations
  7833 | D:8      | Found a blossoming altar of Fedhas.
  8081 | D:8      | Found a stormy altar of Qazlal.
  8324 | D:8      | Reached skill level 9 in Fighting
  8771 | D:9      | Identified a scroll of acquirement
  9439 | D:9      | Received a gift from Trog
  9508 | D:10     | Entered Level 10 of the Dungeon
  9519 | D:10     | Reached skill level 8 in Armour
  9519 | D:10     | Reached XP level 11. HP: 97/97 MP: 5/17
  9528 | D:10     | Noticed a hill giant
  9536 | D:10     | Slain by a hill giant

Action                   |  1- 3 |  4- 6 |  7- 9 | 10-12 || total
-------------------------+-------+-------+-------+-------++-------
Melee: Hand axe          |    96 |    24 |       |       ||   120
       Quarterstaff      |       |   114 |    74 |       ||   188
       Dagger            |       |       |    48 |       ||    48
       War axe           |       |       |   102 |       ||   102
       Broad axe         |       |       |    57 |   219 ||   276
       Battleaxe         |       |       |       |    42 ||    42
Throw: Javelin           |       |    21 |       |     4 ||    25
       Tomahawk          |       |    12 |    63 |   104 ||   179
Invok: Berserk           |       |       |     6 |     1 ||     7
       Trog's Hand       |       |       |     3 |     1 ||     4
       Brothers in Arms  |       |       |     1 |       ||     1
 Abil: Evoke Berserk Rag |       |     1 |       |       ||     1
Evoke: Wand              |       |     2 |    34 |     4 ||    40
  Use: Scroll            |       |     9 |    15 |     5 ||    29
       Potion            |       |       |     1 |       ||     1
 Stab: Confused          |       |     3 |     7 |     3 ||    13
  Eat: Meat ration       |       |     2 |       |     3 ||     5
       Bread ration      |       |       |     5 |       ||     5

Vault maps used:
D:1:      onia_arrival_zoo_common, hangedman_decor_growths, st_stairs_6,
          minivault_14, glass_columns_c
D:2:      minitemple
D:3:      overflow_temple_1_default, nicolae_overflow_hidden_temple,
          first_bread, feat_on_display, uniq_grinder
D:4:      lemuel_round_altar, serial_shops, shop_statue,
          roderic_serpentine_path, uniq_edmund
D:5:      serial_shops, shop, kennysheep_mini, shop, uniq_prince_ribbit1,
          uniq_pikel
D:6:      basic_altar, nemelex_altar_shiori, uniq_duvessa, uniq_blork_the_orc
D:7:      minmay_temple_entry_junction, enter_bailey_3, grunt_ogre_cave,
          minmay_misc_feat_square, minmay_misc_feat_secret_circle,
          serial_bayou_pond_a, moated_statue, minivault_25, hex_large,
          grunt_tough_drop
D:8:      fedhas_bush_and_centaur_altar, basic_altar
D:10:     zaba_antful_of_joy
Bailey:   bailey_axe_minmay_hex_keep, bailey

Table legend:
 A = Turns spent in this place as a percentage of turns spent in the entire game.
 B = Non-inter-level travel turns spent in this place as a percentage of non-inter-level travel turns spent in the entire game.
 C = Inter-level travel turns spent in this place as a percentage of turns spent in this place.
 D = Turns resting spent in this place as a percentage of non-inter-level travel turns spent in this place.
 E = Turns spent auto-exploring this place as a percentage of non-inter-level travel turns spent in this place.
 F = Non-inter-level travel turns spent in this place divided by the number of levels of this place that you've seen.
                   A       B       C       D       E      F
               +-------+-------+-------+-------+-------+----------------------
         Total | 100.0 | 100.0 |   0.4 |   1.2 |  10.4 | 499.2
       Dungeon |  80.7 |  80.7 |   0.4 |   1.1 |  11.7 | 442.9
        Bailey |  19.3 |  19.3 |   0.0 |   1.6 |   5.2 | 1062.0
               +-------+-------+-------+-------+-------+----------------------

Table legend:
 A = Kills in this place as a percentage of kills in entire the game.
 B = Kills by you in this place as a percentage of kills by you in the entire game.
 C = Kills by friends in this place as a percentage of kills by friends in the entire game.
 D = Other kills in this place as a percentage of other kills in the entire game.
 E = Experience gained in this place as a percentage of experience gained in the entire game.
 F = Experience gained in this place divided by the number of levels of this place that you have seen.
                   A       B       C       D       E      F
               +-------+-------+-------+-------+-------+----------------------
         Total | 100.0 | 100.0 | 100.0 | 100.0 | 100.0 | 1033.5
       Dungeon |  75.7 |  76.3 |   0.0 |   0.0 |  60.4 | 686.5
        Bailey |  24.3 |  23.7 | 100.0 | 100.0 |  39.6 | 4503.0
               +-------+-------+-------+-------+-------+----------------------
